 Dungeon Crawl Stone Soup version 0.19.0-18-g426998a (webtiles) character file.

668 Angani the Magician (level 7, -2/46 HPs)
             Began as a Mummy Summoner on Nov 12, 2016.
             Slain by an ice beast (4 damage)
             ... on level 7 of the Dungeon.
             The game lasted 00:18:02 (7988 turns).

Angani the Magician (Mummy Summoner)                Turns: 7988, Time: 00:18:02

Health: -2/46      AC:  6    Str: 12    XL:     7   Next: 32%
Magic:  12/15      EV: 12    Int: 14    God:
Gold:   268        SH:  0    Dex: 14    Spells: 3 memorised, 10 levels left

rFire  x . .     SeeInvis .     i - +1 spear (curse)
rCold  + . .     Gourm    .     a - +0 robe
rNeg   + + +     Faith    .     (no shield)
rPois  ∞         Spirit   .     y - +1 helmet
rElec  .         Reflect  .     l - +0 cloak
rCorr  .         Harm     .     e - +0 pair of gloves
MR     ++...                    (no boots)
Stlth  ++........               (no amulet)
                                r - ring of protection from magic
                                f - ring of protection from magic

@: no status effects
A: no food or potions, fire vulnerability, cold resistance 1, negative energy
resistance 3, torment resistance, unbreathing
a: no special abilities


You were on level 7 of the Dungeon.
You were not hungry.

You visited 1 branch of the dungeon, and saw 7 of its levels.

You collected 268 gold pieces.

Inventory:

Hand Weapons
 i - a cursed +1 spear (weapon)
Armour
 a - a +0 robe (worn)
 e - a +0 pair of gloves (worn)
 l - a +0 cloak (worn)
 y - a +1 helmet (worn)
Jewellery
 f - a ring of protection from magic (left hand)
 r - a ring of protection from magic (right hand)
 t - an uncursed ring of flight
 x - a +4 ring of strength
Wands
 n - a wand of iceblast (7/15)
 v - a wand of confusion (18/48)
Scrolls
 g - 2 scrolls of teleportation
 h - a scroll of fear {unknown}
 j - 2 scrolls of noise {unknown}
 k - 6 scrolls of identify {unknown}
 m - 2 scrolls of immolation {unknown}
 o - a scroll of fog {unknown}
 p - 3 scrolls of remove curse {unknown}
 q - 3 scrolls of recharging {unknown}
 s - 2 scrolls of random uselessness {unknown}
 u - a scroll of magic mapping {unknown}
 w - 2 scrolls of enchant armour {unknown}
Books
 b - a book of Callings

   Spells                             Type                      Level
   a - Summon Small Mammal            Summoning                    1
   b - Call Imp                       Summoning                    2
   c - Call Canine Familiar           Summoning                    3
   d - Summon Guardian Golem          Hexes/Summoning              3
   e - Summon Lightning Spire         Summoning/Air                4
   f - Summon Ice Beast               Ice/Summoning                4


   Skills:
 - Level 1.5 Dodging
 - Level 1.5 Stealth
 + Level 5.6 Spellcasting
 + Level 5.6 Summonings


You had 10 spell levels left.
You knew the following spells:

 Your Spells              Type           Power        Failure   Level  Hunger
a - Summon Small Mammal   Summ           ###.         1%          1    N/A
b - Call Imp              Summ           ###.....     2%          2    N/A
c - Summon Lightning Spi  Summ/Air       ##......     58%         4    N/A

Dungeon Overview and Level Annotations

Branches:
Dungeon (7/15)
 Temple: D:4-7

Altars:
Ashenzari
Elyvilon
Kikubaaqudgha
Okawaru
Sif Muna


Innate Abilities, Weirdness & Mutations

You do not eat or drink.
Your flesh is vulnerable to fire.
You are immune to poison.
Your flesh is cold resistant. (rC+)
You are immune to negative energy. (rN+++)
You are immune to unholy pain and torment.
You can survive without breathing.


Message History

Your shadow imp hits the hound but does no damage.
Your crimson imp completely misses the hound.
The hound closely misses your shadow imp.
The ice beast barely misses you.
Your shadow imp gestures at the hound.
The hound writhes in agony!
The hound dies!
Your shadow imp barely misses the ice beast.
Your shadow imp hits the ice beast but does no damage.
The ice beast hits you.
* * * LOW HITPOINT WARNING * * *
The ice beast freezes you. You resist.
* * * LOW HITPOINT WARNING * * *
You see here 17 gold pieces.
You hear the faint creaking of a very distant portcullis.
Your crimson imp blinks!
Your shadow imp closely misses the ice beast.
Your shadow imp hits the ice beast but does no damage.
The ice beast hits you.
You die...

###########
#....$....#
#.Y5......#
+@........+...
##....5....##.#####
........†..##.##...
#...........##.##...
#...###..#####.##...
....# ##.#####.##...
...#.# #......†.....
.#..#.#
#............
##...........


You could see an ice beast, a friendly crimson imp and a friendly shadow imp.

Vanquished Creatures
  2 ogres (D:5)
  A bullfrog zombie (D:6)
  A hound (D:7)
  An orc wizard (D:5)
  An iguana (D:5)
  A hound skeleton (D:4)
  An adder (D:3)
  A worm (D:3)
  A leopard gecko (D:2)
  An orc (D:5)
  A ball python (D:1)
  6 bats
  4 goblins
  2 hobgoblins
  3 jackals
  2 kobolds
  2 quokkas
  3 frilled lizards
  A leopard gecko skeleton (D:4)
  2 rats (D:1)
37 creatures vanquished.

Vanquished Creatures (collateral kills)
  2 ice beasts
  A centaur (D:5)
  A bullfrog (D:7)
  A scorpion (D:4)
  2 howler monkeys
  2 crimson imps (D:5)
  A centaur zombie (D:5)
  A bullfrog zombie (D:5)
  2 hounds
  6 adders
  A shadow imp (D:5)
  2 oozes
  A dart slug (D:1)
  6 orcs
  5 bats (D:1)
  6 goblins
  5 hobgoblins
  5 jackals
  2 quokkas
  4 frilled lizards
  6 kobolds
  A quokka skeleton (D:4)
  6 rats
69 creatures vanquished.

Grand Total: 106 creatures vanquished

Notes
Turn   | Place    | Note
-------+----------+-------------------------------------------
     0 | D:1      | Angani the Mummy Summoner began the quest for the Orb.
     0 | D:1      | Reached XP level 1. HP: 13/13 MP: 3/3
   454 | D:1      | Reached XP level 2. HP: 19/19 MP: 0/5
   689 | D:1      | You fall through a shaft!
  1728 | D:2      | Reached XP level 3. HP: 23/24 MP: 5/7
  2671 | D:1      | Learned a level 2 spell: Call Imp
  2981 | D:1      | You fall through a shaft!
  3255 | D:3      | Reached XP level 4. HP: 30/30 MP: 3/8
  3728 | D:3      | Found a faded altar of an unknown god.
  5096 | D:4      | Reached XP level 5. HP: 35/35 MP: 3/10
  5207 | D:5      | Entered Level 5 of the Dungeon
  5390 | D:5      | Noticed a centaur
  5408 | D:5      | Killed a centaur
  6196 | D:5      | Found a deep blue altar of Sif Muna.
  6200 | D:5      | Found a white marble altar of Elyvilon.
  6200 | D:5      | Found a shattered altar of Ashenzari.
  6213 | D:5      | Found an iron altar of Okawaru.
  6217 | D:5      | Found an ancient bone altar of Kikubaaqudgha.
  6441 | D:5      | Reached XP level 6. HP: 30/41 MP: 5/12
  6583 | D:5      | Noticed an ice beast
  6603 | D:5      | Killed an ice beast
  6611 | D:5      | Reached skill level 5 in Summonings
  7148 | D:5      | Reached skill level 5 in Spellcasting
  7677 | D:6      | Reached XP level 7. HP: 39/46 MP: 11/14
  7769 | D:6      | Learned a level 4 spell: Summon Lightning Spire
  7983 | D:7      | HP: 1/46 [ice beast (3)]
  7988 | D:7      | Slain by an ice beast

Skill      XL: |  1  2  3  4  5  6 |
---------------+-------------------+-----
Spellcasting   | 3 4 5 |  5.6
Summonings     | 4 5 |  5.6
Dodging        | |  1.5
Stealth        | |  1.5

Action                   |  1- 3 |  4- 6 |  7- 9 || total
-------------------------+-------+-------+-------++-------
Melee: Unarmed           |    56 |       |       ||    56
       Whip              |    54 |    20 |       ||    74
       Spear             |       |    86 |    20 ||   106
 Cast: Summon Small Mamm |    88 |       |       ||    88
       Call Imp          |    13 |    86 |    11 ||   110
  Use: Scroll            |       |       |     2 ||     2
 Stab: Distracted        |     3 |     1 |       ||     4
       Sleeping          |     2 |       |       ||     2
Armor: Robe              |    38 |    35 |     6 ||    79
Dodge: Dodged            |    88 |    62 |    12 ||   162
